PUBA
KENTUCKY ROCKETS @ VEGREVILLE RANGERS
05/05/1972
 
TOP OF THE 1ST
Kentucky Rockets batting - Pitching for Vegreville Rangers : LHP Alonso Zunga
Pitching: LHP Alonso Zunga
Batting: RHB Kevin Smith 0-0: Ball
1-0: Called Strike
1-1: Swinging Strike
1-2: Ball
2-2: Foul Ball, location: 2F
2-2: Ball
3-2: Base on Balls
Batting: RHB Terry Martin 0-0: Called Strike
0-1: Ball
1-1: Swinging Strike
1-2: Foul Ball, location: 2F
1-2: Strikes out swinging
Batting: SHB Dusty Baker 0-0: Ball
1-0: Foul Ball, location: 25FF
1-1: Ball
2-1: DOUBLE (Flyball, 89D, EV 110.0 MPH)
Kevin Smith to third
Batting: RHB Earl Frisella 0-0: Ball
1-0: Called Strike
1-1: Swinging Strike
1-2: Ball
2-2: Foul Ball, location: 9LMF
2-2: Ball
3-2: Fly out, F9 (Flyball, 89M, EV 96.3 MPH)
Runner from 3rd tags up, SCORES, throw by RF
Dusty Baker to third
Batting: RHB Leslie Edwards 0-0: Ground out U3 (Groundball, 3, EV 83.8 MPH)
Top of the 1st over - 1 run, 1 hit, 0 errors, 1 left on base; Kentucky 1 - Vegreville 0
BOTTOM OF THE 1ST
Vegreville Rangers batting - Pitching for Kentucky Rockets : RHP Jesús Hernández
Pitching: RHP Jesús Hernández
Batting: RHB Oscar Bradshaw 0-0: Ball
1-0: Foul Ball, location: 25F
1-1: Foul Ball, location: 9LDF
1-2: Ball
2-2: Ball
3-2: Base on Balls
Batting: LHB Jay Hernández 0-0: Ball
Oscar Bradshaw steals 2nd base
1-0: Foul Ball, location: 3SF
1-1: 2-RUN HOME RUN (Line Drive, 7D, EV 99.4 MPH), Distance : 387 ft
Batting: LHB George Holcomb 0-0: Called Strike
0-1: Fly out, F9 (Flyball, 89S, EV 88.1 MPH)
Batting: RHB César Moreno 0-0: Ball
1-0: Swinging Strike
1-1: Swinging Strike
1-2: Ball
2-2: Ball
3-2: Strikes out looking
Batting: LHB Mike Harris 0-0: Called Strike
0-1: Swinging Strike
0-2: Foul Ball, location: 5DF
0-2: Ball
1-2: Ball
2-2: Strikes out swinging
Bottom of the 1st over - 2 runs, 1 hit, 0 errors, 0 left on base; Kentucky 1 - Vegreville 2
TOP OF THE 2ND
Kentucky Rockets batting - Pitching for Vegreville Rangers : LHP Alonso Zunga
Batting: RHB Oscar Brown 0-0: Ground out 6-3 (Groundball, 6, EV 83.8 MPH)
Batting: SHB José García 0-0: Ball
1-0: Swinging Strike
1-1: Fly out, F7 (Flyball, 7D, EV 89.4 MPH)
Batting: LHB Ed Crosby 0-0: Ball
1-0: Ground out 6-3 (Groundball, 6, EV 93.1 MPH)
Top of the 2nd over - 0 runs, 0 hits, 0 errors, 0 left on base; Kentucky 1 - Vegreville 2
BOTTOM OF THE 2ND
Vegreville Rangers batting - Pitching for Kentucky Rockets : RHP Jesús Hernández
Batting: LHB Ángel Pérez 0-0: Ground out 1-3 (Groundball, P, EV 66.9 MPH)
Batting: RHB Wayne Collier 0-0: Ball
1-0: Ball
2-0: Ball
3-0: Called Strike
3-1: Foul Ball, location: 9LMF
3-2: Base on Balls
Batting: RHB Jim Unknown 0-0: Ball
Wayne Collier steals 2nd base (no throw)
1-0: Ball
2-0: Swinging Strike
2-1: Fly out, F7 (Flyball, 7LD, EV 103.1 MPH)
Batting: RHB Cliff Johnson 0-0: Called Strike
0-1: Ball
1-1: Swinging Strike
1-2: Ball
2-2: Ball
3-2: Strikes out swinging
Bottom of the 2nd over - 0 runs, 0 hits, 0 errors, 1 left on base; Kentucky 1 - Vegreville 2
TOP OF THE 3RD
Kentucky Rockets batting - Pitching for Vegreville Rangers : LHP Alonso Zunga
Batting: LHB John Lowenstein 0-0: Ball
1-0: Foul Ball, location: 7LDF
1-1: Foul Ball, location: 7LMF
1-2: Foul Ball, location: 2F
1-2: Ball
2-2: Foul Ball, location: 2F
2-2: Strikes out swinging
Batting: RHB Kevin Smith 0-0: Called Strike
0-1: Ball
1-1: Foul Ball, location: 3DF
1-2: Ground out U3 (Groundball, 3, EV 88.1 MPH)
Batting: RHB Terry Martin 0-0: Ball
1-0: Foul Ball, location: 9LSF
1-1: Reached on error, E5 (Groundball, 5L, EV 110.6 MPH)
Batting: SHB Dusty Baker 0-0: Ground out U3 (Groundball, 3, EV 106.3 MPH)
Top of the 3rd over - 0 runs, 0 hits, 1 error, 1 left on base; Kentucky 1 - Vegreville 2
BOTTOM OF THE 3RD
Vegreville Rangers batting - Pitching for Kentucky Rockets : RHP Jesús Hernández
Batting: RHB Oscar Bradshaw 0-0: Ball
1-0: Fly out, F8 (Flyball, 8RM, EV 94.4 MPH)
Batting: LHB Jay Hernández 0-0: Called Strike
0-1: Ball
1-1: Swinging Strike
1-2: Fly out, F8 (Line Drive, 89M, EV 110.6 MPH)
Batting: LHB George Holcomb 0-0: Swinging Strike
0-1: Swinging Strike
0-2: Foul Ball, location: 2F
0-2: Foul Ball, location: 7LSF
0-2: Ball
1-2: SINGLE (Line Drive, 4MD, EV 95.6 MPH)
Batting: RHB César Moreno 0-0: Ball
1-0: Ball
2-0: Called Strike
2-1: Called Strike
2-2: Ball
3-2: Base on Balls
George Holcomb to second
Batting: LHB Mike Harris 0-0: Ball
1-0: Fielders Choice at 2nd, U6 (Groundball, 6M, EV 106.9 MPH)
Bottom of the 3rd over - 0 runs, 1 hit, 0 errors, 2 left on base; Kentucky 1 - Vegreville 2
TOP OF THE 4TH
Kentucky Rockets batting - Pitching for Vegreville Rangers : LHP Alonso Zunga
Batting: RHB Earl Frisella 0-0: Called Strike
0-1: Swinging Strike
0-2: Ball
1-2: Ball
2-2: Foul Ball, location: 5FF
2-2: Ball
3-2: DOUBLE (Flyball, 89XD, EV 112.5 MPH)
Batting: RHB Leslie Edwards 0-0: Swinging Strike
0-1: Foul Ball, location: 2F
0-2: Ball
1-2: Ball
2-2: SINGLE (Groundball, 56D, EV 103.8 MPH)
Earl Frisella to third
Runner from 3rd tries for Home, SAFE, throw by LF to home
Batting: RHB Oscar Brown 0-0: Ball
1-0: Ball
2-0: Ball
3-0: Base on Balls
Leslie Edwards to second
Batting: SHB José García 0-0: Called Strike
0-1: Called Strike
0-2: Strikes out looking
Batting: LHB Ed Crosby 0-0: Called Strike
0-1: Ball
1-1: Ball
2-1: Swinging Strike
2-2: Foul Ball, location: 7LMF
2-2: Ball
3-2: Base on Balls
Leslie Edwards to third
Oscar Brown to second
Batting: LHB John Lowenstein 0-0: Ball
1-0: Called Strike
1-1: Ball
2-1: Ball
3-1: Fielders Choice at 2nd, 4-6 (Groundball, 34D, EV 78.1 MPH)
Leslie Edwards scores
Oscar Brown to third
Batting: RHB Kevin Smith 0-0: Called Strike
0-1: Ball
1-1: Fielders Choice at 2nd, 6-4 (Groundball, 56, EV 87.5 MPH)
Top of the 4th over - 2 runs, 2 hits, 0 errors, 2 left on base; Kentucky 3 - Vegreville 2
BOTTOM OF THE 4TH
Vegreville Rangers batting - Pitching for Kentucky Rockets : RHP Jesús Hernández
Batting: LHB Ángel Pérez 0-0: Ground out U3 (Groundball, 3, EV 85.6 MPH)
Batting: RHB Wayne Collier 0-0: Ball
1-0: Called Strike
1-1: Ball
2-1: Ball
3-1: Base on Balls
Batting: RHB Jim Unknown 0-0: Ball
1-0: Fly out, F8 (Flyball, 8LXD, EV 100.0 MPH)
Batting: RHB Cliff Johnson 0-0: SINGLE (Line Drive, 4D, EV 103.8 MPH)
Wayne Collier to second
Runner from 2nd tries for 3rd, SAFE, throw by RF made to third
Batting: RHB Oscar Bradshaw 0-0: Hit by Pitch
Cliff Johnson to second
Batting: LHB Jay Hernández 0-0: Called Strike
0-1: Ball
1-1: SINGLE (Groundball, 6MD, EV 105.0 MPH)
Wayne Collier scores
Cliff Johnson to third
Oscar Bradshaw to second
Batting: LHB George Holcomb 0-0: Called Strike
0-1: Ball
1-1: Called Strike
1-2: Ground out 4-3 (Groundball, 4, EV 78.8 MPH)
Bottom of the 4th over - 1 run, 2 hits, 0 errors, 3 left on base; Kentucky 3 - Vegreville 3
TOP OF THE 5TH
Kentucky Rockets batting - Pitching for Vegreville Rangers : LHP Alonso Zunga
Batting: RHB Terry Martin 0-0: Ball
1-0: Ball
2-0: Ball
3-0: Base on Balls
Batting: SHB Dusty Baker 0-0: Ball
1-0: Called Strike
1-1: Hit by Pitch
Terry Martin to second
Batting: RHB Earl Frisella 0-0: Ball
1-0: Ball
2-0: Ball
3-0: Called Strike
3-1: Called Strike
3-2: Foul Ball, location: 5F
3-2: Base on Balls
Terry Martin to third
Dusty Baker to second
Batting: RHB Leslie Edwards 0-0: Foul Ball, location: 2F
0-1: Ball
1-1: Foul Ball, location: 3DF
1-2: Foul Ball, location: 5F
1-2: Strikes out looking
Pitching: LHP Manuel Alomar
Batting: RHB Oscar Brown 0-0: Ball
1-0: Ball
2-0: Called Strike
2-1: Grounds into fielders choice 4-2 (Groundball, 4, EV 99.4 MPH)
Dusty Baker to third
Earl Frisella to second
Batting: SHB José García 0-0: Ground out 1-3 (Groundball, 15S, EV 67.5 MPH)
Top of the 5th over - 0 runs, 0 hits, 0 errors, 3 left on base; Kentucky 3 - Vegreville 3
BOTTOM OF THE 5TH
Vegreville Rangers batting - Pitching for Kentucky Rockets : RHP Jesús Hernández
Batting: RHB César Moreno 0-0: Ball
1-0: Ball
2-0: Foul Ball, location: 3DF
2-1: Ball
3-1: Base on Balls
Batting: LHB Mike Harris 0-0: Ball
1-0: Ball
2-0: Foul Ball, location: 7LMF
2-1: Foul Ball, location: 7LMF
2-2: Ball
César Moreno is caught stealing 2nd base 2-6
3-2: Foul Ball, location: 3DF
3-2: Base on Balls
Batting: LHB Ángel Pérez 0-0: Fly out, F5 (Popup, 56S, EV 79.4 MPH)
Batting: RHB Wayne Collier 0-0: Ball
1-0: Ball
2-0: Called Strike
2-1: DOUBLE (Flyball, 78D, EV 107.5 MPH)
Mike Harris to third
Runner from 3rd tries for Home, SAFE, no throw by LF
Batting: RHB Jim Unknown 0-0: Ball
1-0: Foul Ball, location: 9LSF
1-1: Ball
2-1: Swinging Strike
2-2: Ground out 4-3 (Groundball, 4, EV 81.3 MPH)
Bottom of the 5th over - 1 run, 1 hit, 0 errors, 1 left on base; Kentucky 3 - Vegreville 4
TOP OF THE 6TH
Kentucky Rockets batting - Pitching for Vegreville Rangers : LHP Manuel Alomar
Batting: LHB Ed Crosby 0-0: Ball
1-0: Swinging Strike
1-1: Called Strike
1-2: Strikes out swinging
Pinch Hitting: LHB Mike Baker 0-0: Ball
1-0: Called Strike
1-1: Ball
2-1: Foul Ball, location: 2F
2-2: Foul Ball, location: 2F
2-2: Foul Ball, location: 23FF
2-2: Ball
3-2: SINGLE (Groundball, 34, EV 104.4 MPH)
Batting: RHB Kevin Smith 0-0: Foul Ball, location: 2LF
0-1: Called Strike
0-2: Fly out, F7 (Flyball, 78D, EV 105.6 MPH)
Batting: RHB Terry Martin 0-0: Called Strike
0-1: Ball
1-1: Foul Ball, location: 5FF
1-2: Ball
2-2: Foul Ball, location: 3SF
2-2: Strikes out swinging
Top of the 6th over - 0 runs, 1 hit, 0 errors, 1 left on base; Kentucky 3 - Vegreville 4
BOTTOM OF THE 6TH
Vegreville Rangers batting - Pitching for Kentucky Rockets : RHP Jesús Hernández
Now in LF: Mike Baker
Batting: RHB Cliff Johnson 0-0: Ball
1-0: Foul Ball, location: 2F
1-1: Ball
2-1: SINGLE (Groundball, 5D, EV 103.8 MPH)
Batting: RHB Oscar Bradshaw 0-0: DOUBLE (Line Drive, 78XD, EV 98.1 MPH)
Cliff Johnson to third
Batting: LHB Jay Hernández 0-0: Ball
1-0: Ball
2-0: Fly out, F5 (Line Drive, 5L, EV 75.6 MPH)
Batting: LHB George Holcomb 0-0: Intentional Walk
Batting: RHB César Moreno 0-0: Ball
1-0: Called Strike
1-1: Ball
2-1: Grounds into fielders choice 4-2 (Groundball, 4, EV 87.5 MPH)
Oscar Bradshaw to third
George Holcomb to second
Batting: LHB Mike Harris 0-0: Ball
1-0: Ball
2-0: Foul Ball, location: 7LDF
2-1: Foul Ball, location: 5SF
2-2: Ball
3-2: Base on Balls
Oscar Bradshaw scores
George Holcomb to third
César Moreno to second
Pitching: LHP Clayton Teague
Batting: LHB Ángel Pérez 0-0: Ball
1-0: Foul Ball, location: 7LMF
1-1: Called Strike
1-2: GRAND SLAM HOME RUN (Flyball, 9LD, EV 96.3 MPH), Distance : 345 ft
Batting: RHB Wayne Collier 0-0: Ball
1-0: Ball
2-0: Called Strike
2-1: Fly out, F7 (Flyball, 7, EV 91.3 MPH)
Bottom of the 6th over - 5 runs, 3 hits, 0 errors, 0 left on base; Kentucky 3 - Vegreville 9
TOP OF THE 7TH
Kentucky Rockets batting - Pitching for Vegreville Rangers : LHP Manuel Alomar
Batting: SHB Dusty Baker 0-0: SINGLE (Line Drive, 4D, EV 103.8 MPH)
Batting: RHB Earl Frisella 0-0: Ball
1-0: SINGLE (Groundball, 56D, EV 99.4 MPH)
Dusty Baker to second
Batting: RHB Leslie Edwards 0-0: Fly out, F3 (Line Drive, 3L, EV 61.9 MPH)
Batting: RHB Oscar Brown 0-0: Called Strike
0-1: Foul Ball, location: 2F
0-2: Strikes out swinging
Batting: SHB José García 0-0: Ball
1-0: Ball
2-0: Foul Ball, location: 2F
2-1: Foul Ball, location: 2F
2-2: Strikes out swinging
Top of the 7th over - 0 runs, 2 hits, 0 errors, 2 left on base; Kentucky 3 - Vegreville 9
BOTTOM OF THE 7TH
Vegreville Rangers batting - Pitching for Kentucky Rockets : LHP Clayton Teague
Batting: RHB Jim Unknown 0-0: Called Strike
0-1: Ball
1-1: Ball
2-1: Fly out, F8 (Flyball, 8RD, EV 101.9 MPH)
Batting: RHB Cliff Johnson 0-0: Ball
1-0: Hit by Pitch
Batting: RHB Oscar Bradshaw 0-0: Called Strike
0-1: Ball
1-1: 2-RUN HOME RUN (Flyball, 78XD, EV 93.8 MPH) (Inside the Park)
Pitching: RHP Jim Hunt
Batting: LHB Jay Hernández 0-0: Ball
1-0: Ball
2-0: Fly out, F8 (Flyball, 78M, EV 86.9 MPH)
Batting: LHB George Holcomb 0-0: Called Strike
0-1: Ball
1-1: Foul Ball, location: 2F
1-2: SOLO HOME RUN (Flyball, 7D, EV 98.8 MPH), Distance : 392 ft
Batting: RHB César Moreno 0-0: Called Strike
0-1: Ball
1-1: Ball
2-1: SINGLE (Groundball, 34D, EV 105.0 MPH)
Pitching: RHP Cy Acosta
Batting: LHB Mike Harris 0-0: Fielders Choice at 2nd, 5-4 (Groundball, 56, EV 80.0 MPH)
Bottom of the 7th over - 3 runs, 3 hits, 0 errors, 1 left on base; Kentucky 3 - Vegreville 12
TOP OF THE 8TH
Kentucky Rockets batting - Pitching for Vegreville Rangers : LHP Manuel Alomar
Batting: LHB Ed Crosby 0-0: Fly out, F9 (Line Drive, 9S, EV 85.6 MPH)
Batting: LHB Mike Baker 0-0: Fly out, F7 (Flyball, 78M, EV 80.6 MPH)
Batting: RHB Kevin Smith 0-0: Called Strike
0-1: Called Strike
0-2: Foul Ball, location: 5F
0-2: Strikes out swinging
Top of the 8th over - 0 runs, 0 hits, 0 errors, 0 left on base; Kentucky 3 - Vegreville 12
BOTTOM OF THE 8TH
Vegreville Rangers batting - Pitching for Kentucky Rockets : RHP Cy Acosta
Batting: LHB Ángel Pérez 0-0: Ball
1-0: Foul Ball, location: 25F
1-1: SINGLE (Flyball, 8LS, EV 93.8 MPH)
Batting: RHB Wayne Collier 0-0: Called Strike
0-1: Ball
1-1: Called Strike
1-2: Ball
2-2: Foul Ball, location: 9LMF
2-2: Strikes out swinging
Batting: RHB Jim Unknown 0-0: Ball
1-0: Swinging Strike
1-1: Foul Ball, location: 2F
1-2: Ball
2-2: Strikes out swinging
Batting: RHB Cliff Johnson 0-0: Ball
1-0: Foul Ball, location: 5SF
1-1: SINGLE (Groundball, 4MD, EV 96.3 MPH)
Ángel Pérez to second
Batting: RHB Oscar Bradshaw 0-0: Foul Ball, location: 5FF
0-1: Ball
1-1: Ball
2-1: TRIPLE (Flyball, 89XD, EV 101.3 MPH)
Ángel Pérez scores
Cliff Johnson scores
Batting: LHB Jay Hernández 0-0: Called Strike
0-1: Foul Ball, location: 2F
0-2: Fly out, F6 (Line Drive, 6, EV 71.9 MPH)
Bottom of the 8th over - 2 runs, 3 hits, 0 errors, 1 left on base; Kentucky 3 - Vegreville 14
TOP OF THE 9TH
Kentucky Rockets batting - Pitching for Vegreville Rangers : LHP Manuel Alomar
Batting: RHB Terry Martin 0-0: Called Strike
0-1: Ball
1-1: Foul Ball, location: 3F
1-2: Ball
2-2: Fly out, F8 (Flyball, 78M, EV 85.6 MPH)
Batting: SHB Dusty Baker 0-0: Ground out 4-3 (Groundball, 4, EV 78.8 MPH)
Batting: RHB Earl Frisella 0-0: Called Strike
0-1: Ball
1-1: Called Strike
1-2: Ball
2-2: Foul Ball, location: 7LDF
2-2: SINGLE (Line Drive, 6MD, EV 75.0 MPH)
Batting: RHB Leslie Edwards 0-0: SINGLE (Groundball, 6S, EV 69.4 MPH)
Earl Frisella to second
Batting: RHB Oscar Brown 0-0: Ball
1-0: Swinging Strike
1-1: Ball
2-1: SINGLE (Line Drive, 9S, EV 104.4 MPH)
Earl Frisella to third
Leslie Edwards to second
Batting: SHB José García 0-0: Ball
1-0: Swinging Strike
1-1: Ground out 4-3 (Groundball, 4, EV 102.5 MPH)
Top of the 9th over - 0 runs, 3 hits, 0 errors, 3 left on base; Kentucky 3 - Vegreville 14
Wednesday, March 6th , 2024 - OOTP Baseball 24.8 Build 75